 Dungeon Crawl Stone Soup version 0.17-a0-1011-gfa70bdd (webtiles) character file.

294372 nubinia the Sorcerer (level 20, -10/104 HPs)
             Began as a Deep Elf Enchanter on May 9, 2015.
             Was the Champion of Sif Muna.
             Mangled by a reaper
             ... wielding a +4 scythe of venom
              (48 damage)
             ... on level 2 of the Crypt on May 13, 2015.
             The game lasted 11:39:48 (64443 turns).

nubinia the Sorcerer (Deep Elf Enchanter)          Turns: 64443, Time: 11:39:48

Health: -10/104    AC: 25    Str:  7    XL:     20   Next: 3%
Magic:  3/52       EV: 30    Int: 32    God:    Sif Muna [******]
Gold:   3666       SH: 11    Dex: 25    Spells: 21 memorised, 3 levels left

rFire  . . .     SeeInvis +     a - +9 short sword (protect)
rCold  + . .     Clarity  +     U - +3 leather armour {rN+}
rNeg   + + .     SustAb   .     Z - +2 shield
rPois  .         Gourm    .     o - +0 mask of the Dragon {MR+ Slay+3 SInv}
rElec  +         Spirit   .     N - +2 cloak "Kilesemm" {rC+ Regen+ Int+6 Dex-4}
rCorr  .         Warding  +     f - +2 pair of gloves of Odotit {+Inv rElec MR+}
rMut   .         Stasis   .     S - +2 pair of boots
MR     ++++.                    w - amulet of warding
Stlth  +++++++...               P - +5 ring of dexterity
                                y - +5 ring of evasion

@: agile, stone skin, repel missiles, incredibly resistant to hostile
enchantments, extremely stealthy
A: see invisible, agile 1, clarity, mutation resistance 1
a: Channel Energy, Forget Spell, Renounce Religion, Evoke Invisibility
}: 2/15 runes: serpentine, barnacled


You were on level 2 of the Crypt.
You worshipped Sif Muna.
Sif Muna was exalted by your worship.
You were not hungry.

You visited 8 branches of the dungeon, and saw 40 of its levels.
You also visited: Labyrinth, Ossuary, Ice Cave and Volcano.

You collected 5491 gold pieces.
You spent 1825 gold pieces at shops.

Inventory:

Hand weapons
 a - a +9 short sword of protection (weapon)
 b - the +7 hunting sling of the Six Hells {flame, MR+ Int+2 Dex+3}
   (You found it on level 2 of the Lair of Beasts)

   It causes projectiles fired from it to burn those they strike, causing extra
   injury to most foes and up to half again as much damage against particularly
   susceptible opponents.
   It affects your intelligence (+2).
   It affects your dexterity (+3).
   It affects your resistance to hostile enchantments.
 s - a +0 blowgun
 L - the +6 rapier of the Dungeon {flame, +Rage rElec MR+ Dex+4}
   (You found it on level 1 of the Shoals)

   It has been specially enchanted to burn those struck by it, causing extra
   injury to most foes and up to half again as much damage against particularly
   susceptible opponents.
   It affects your dexterity (+4).
   It insulates you from electricity.
   It affects your resistance to hostile enchantments.
   It lets you go berserk.
Missiles
 d - 254 sling bullets
 C - 10 sling bullets of frost
 D - 19 curare-tipped needles
 W - 11 steel sling bullets
Armour
 f - the +2 pair of gloves of Odotit (worn) {+Inv rElec MR+}
   (You acquired it on level 11 of the Dungeon)

   It insulates you from electricity.
   It affects your resistance to hostile enchantments.
   It lets you turn invisible.
 o - the +0 mask of the Dragon (worn) {MR+ Slay+3 SInv}
   (You found it on level 13 of the Dungeon)

   It affects your accuracy and damage with ranged weapons and melee attacks
   (+3).
   It affects your resistance to hostile enchantments.
   It enhances your eyesight.
 N - the +2 cloak "Kilesemm" (worn) {rC+ Regen+ Int+6 Dex-4}
   (You found it on level 5 of the Lair of Beasts)

   It affects your intelligence (+6).
   It affects your dexterity (-4).
   It protects you from cold.
   It increases your rate of regeneration.
 S - a +2 pair of boots (worn)
 U - a +3 leather armour of positive energy (worn)
 Z - a +2 shield (worn)
Jewellery
 g - an uncursed amulet of the gourmand
 i - an uncursed amulet of stasis
 l - an uncursed amulet of guardian spirit
 w - an amulet of warding (around neck)
 y - a +5 ring of evasion (left hand)
 B - an uncursed amulet of resist corrosion
 P - a +5 ring of dexterity (right hand)
Magical devices
 e - a wand of fire (2)
 h - a wand of disintegration (16)
 j - a wand of fireball (4)
 n - a wand of teleportation (5)
 t - a wand of lightning (5)
 u - a wand of digging (14)
 F - a wand of draining (4)
 T - a wand of lightning (10)
Scrolls
 m - 17 scrolls of remove curse
 p - 6 scrolls of identify
 r - a scroll of fear
 A - a scroll of blinking
 H - 18 scrolls of teleportation
 M - a scroll of magic mapping
 Q - 4 scrolls of recharging
 R - a scroll of holy word
 Y - 3 scrolls of summoning
Potions
 c - 2 potions of cancellation
 k - 2 potions of agility
 q - 8 potions of brilliance
 x - 14 potions of curing
 z - 13 potions of heal wounds
 G - 7 potions of haste
 K - 2 potions of magic
 X - 7 potions of might
Books
 E - a book of Unlife

   Spells                             Type                      Level
   a - Recall                         Summoning/Translocation      3
   b - Animate Dead                   Necromancy                   4
   c - Control Undead                 Necromancy                   4
   d - Cigotuvi's Embrace             Necromancy                   5
   e - Death Channel                  Necromancy                   6
   f - Simulacrum                     Ice/Necromancy               6
Miscellaneous
 v - a lamp of fire
 I - a stone of tremors
 J - a phial of floods
Comestibles
 O - 22 fruits


   Skills:
 + Level 4.2 Fighting
 + Level 5.4 Short Blades
 + Level 3.0(4.0) Slings
 + Level 5.0(5.7) Throwing
 + Level 3.5 Armour
 + Level 11.2 Dodging
 + Level 13.0 Stealth
 + Level 3.1 Shields
 + Level 26.7 Spellcasting
 + Level 16.8 Conjurations
 + Level 17.5 Hexes
 + Level 5.0 Charms
   Level 0.2 Summonings
 - Level 8.8 Necromancy
 + Level 0.4 Translocations
 + Level 1.3 Transmutations
 + Level 0.7 Fire Magic
 + Level 5.0 Ice Magic
 + Level 2.4 Air Magic
 + Level 1.4 Earth Magic
 - Level 10.0 Invocations
 + Level 1.3 Evocations


You had 3 spell levels left.
You knew the following spells:

 Your Spells              Type           Power        Failure   Level  Hunger
a - Magic Dart            Conj           ####         0%          1    None
b - Dazzling Spray        Conj/Hex       ########     0%          3    None
c - Mephitic Cloud        Conj/Pois/Air  ######..     1%          3    None
d - Animate Dead          Necr           N/A          1%          4    None
e - Force Lance           Conj/Tloc      #######.     1%          4    None
f - Flight                Chrm/Air       ######....   2%          3    None
g - Shroud of Golubria    Chrm/Tloc      ######....   1%          2    None
h - Mass Confusion        Hex            ########..   1%          6    None
i - Iskenderun's Battles  Conj/Chrm      #######.     1%          5    None
j - Metabolic Englaciati  Hex/Ice        #######...   1%          5    None
k - Stoneskin             Trmt/Erth      ######..     3%          2    None
l - Swiftness             Chrm/Air       ######..     1%          2    None
m - Cause Fear            Hex            ########..   1%          4    None
n - Apportation           Tloc           #####.....   3%          1    None
o - Repel Missiles        Chrm/Air       ######       1%          2    None
p - Sticky Flame          Conj/Fire      #######.     1%          4    None
q - Dispel Undead         Necr           #######.     3%          5    None
r - Regeneration          Chrm/Necr      ######....   1%          3    None
C - Control Undead        Necr           #######...   1%          4    None
D - Bolt of Draining      Conj/Necr      #######...   1%          5    None
S - Animate Skeleton      Necr           N/A          1%          1    None


Dungeon Overview and Level Annotations

Branches:
Dungeon (14/15)            Temple (0/1) D:5            Lair (8/8) D:10
 Shoals (4/4) Lair:5        Snake (4/4) Lair:3        Slime (0/6) Lair:7
    Orc (4/4) D:12            Elf (1/3) Orc:4        Vaults (3/5) D:14
  Crypt (2/3) Vaults:2

Altars:
Ashenzari
Elyvilon
Gozag
Makhleb
Nemelex Xobeh
Ru
Sif Muna
Vehumet
Xom
Yredelemnul
Zin
The Shining One

Shops:
Orc:2 }[:*:   Orc:4 ?!??(   Shoals:3 (   Snake:3 :   Vaults:2 [

Portals:
Hell: Lair:8

Annotations:
D:13 !try gravitas


Innate Abilities, Weirdness & Mutations

You have supernaturally acute eyesight.
You are agile. (Dex +2)
You possess an exceptional clarity of mind.
You are somewhat resistant to further mutation.


Message History

Casting: Dispel Undead
Confirm with . or Enter, or press ? or * to list all spells.
Your skin hardens.
The reaper completely misses you.
Casting: Stoneskin
Confirm with . or Enter, or press ? or * to list all spells.
Aiming: Sticky Flame
Press: ? - help, Shift-Dir - straight line, f - reaper
Aim: a reaper, wielding a scythe of venom The sticky flame hits the reaper.
The reaper appears unharmed.
The reaper is covered in liquid flames!
The reaper burns!
Your battlesphere fires!
The barrage of energy hits the reaper.
The reaper is lightly wounded.
The reaper misses you.
Unknown command.
Drink which item? (? for menu, Esc to quit)
You feel agile all of a sudden.
The reaper burns!
The reaper hits you with a scythe of venom!!!
You die...

##....# #.# #.....###.#
#.......#.#..# #.......#.#..#
########......#.#..#
#.............#.#..#
#....^.......*#.#..###
#########.......#....# ###
#........@#....#
..######.........2....#
......##...........##.#
..###...##..........>.##
#....##..#.......#.#...####
#####
####.###...........#......#
#...# #..#####....##..#...##.#
#...#
##............#..#..##.###...#
####......#..#...#..).....<.#


You could see a reaper (burning).

Vanquished Creatures
  A kraken (Shoals:4)
  Kirke (Shoals:1)
  An ancient champion (Crypt:2)
  9 greater nagas
  Ilsuiw (Shoals:4)
  A frost giant (IceCv)
  A vault warden (Vaults:2)
  Maud (D:13)
  An orc warlord (Vaults:1)
  2 curse skulls
  5 ghouls (Crypt:2)
  An ironheart preserver (Vaults:2)
  A caustic shrike skeleton (Crypt:2)
  A deep elf demonologist (Elf:1)
  2 stone giants
  2 dire elephants
  5 eidola
  A vampire knight (Crypt:2)
  6 merfolk javelineers
  Snorg (Lair:6)
  3 merfolk impalers
  2 fire dragons
  A deep elf death mage (Crypt:2)
  A minotaur (Lab)
  Josephine (Lair:5)
  9 vault guards
  3 yaktaur captains
  5 jiangshi
  5 ogre magi
  A deep elf high priest (Elf:1)
  Harold (Orc:3)
  9 hydras
  2 great orbs of eyes (Vaults:2)
  16 naga warriors
  2 merfolk avatars
  An ice dragon (shapeshifter) (Elf:1)
  2 centaur warriors
  Erica (D:9)
  2 catoblepae
  6 merfolk aquamancers
  10 death yaks
  3 satyrs (Shoals:3)
  11 anacondas
  5 orc high priests (Orc:4)
  8 naga sharpshooters
  10 shock serpents
  Urug (D:10)
  A sun demon (Lair:8)
  A soul eater (Crypt:2)
  Nergalle (D:10)
  A fire crab (Vaults:1)
  2 salamander mystics (Snake:3)
  2 deep elf knights (Elf:1)
  3 skeletal warriors (Crypt:2)
  2 giant orange brains (Vaults:2)
  An unseen horror (shapeshifter) (Vaults:2)
  An unseen horror (D:11)
  4 hill giants
  4 deep elf summoners (Elf:1)
  7 naga ritualists
  A swamp dragon (shapeshifter) (Vaults:2)
  A lindwurm (Lair:6)
  2 ice statues
  6 harpies
  3 phantasmal warriors (Crypt:1)
  Pikel (D:8)
  9 sea snakes
  9 mana vipers
  A necromancer (Vaults:2)
  11 orc knights
  4 deep elf conjurers
  3 wizards
  7 salamanders
  5 ironbrand convokers
  2 wolf spiders (Vaults:2)
  4 cyclopes
  9 griffons
  A sphinx skeleton (Volcano)
  An orc sorcerer (Orc:4)
  7 ugly things
  5 manticores
  31 black mambas
  15 elephants
  16 fauns
  A sixfirhy (Lair:8)
  5 water nymphs
  A smoke demon (Lair:8)
  Maurice (Orc:1)
  Joseph (D:8)
  3 orange demons (Lair:8)
  4 guardian serpents
  18 naga magi
  11 sirens
  4 centaur skeletons
  A gargoyle (D:14)
  A shock serpent skeleton (Crypt:2)
  3 vault sentinels
  15 spiny frogs
  14 komodo dragons
  A komodo dragon (shapeshifter) (Vaults:1)
  A fire drake (shapeshifter) (D:13)
  A guardian mummy (Volcano)
  An elf (shapeshifter) (Vaults:2)
  3 blue devils (Lair:8)
  7 yaktaurs
  6 deep elf priests
  4 red devils (Lair:8)
  6 trolls
  A queen bee (D:8)
  A hydra zombie (Crypt:1)
  3 wind drakes
  10 two-headed ogres
  7 snapping turtles
  12 slime creatures
  13 merfolk
  21 polar bears
  2 boulder beetles
  5 freezing wraiths
  A two-headed ogre (shapeshifter) (Vaults:2)
  31 blink frogs
  2 bog bodies (Crypt:2)
  A trapdoor spider (D:11)
  An ettin zombie (Crypt:2)
  13 deep elf magi
  4 flying skulls
  3 vampires
  14 wraiths
  5 redbacks
  3 humans (Shoals:1)
  4 wyverns
  An ettin skeleton (Crypt:1)
  3 fire bats (Orc:3)
  6 water elementals
  21 hippogriffs
  Eustachio (D:8)
  4 basilisks
  10 deep elf fighters
  2 steam dragons
  97 yaks
  A hungry ghost (D:7)
  2 shadows
  Grum (D:8)
  10 vampire mosquitoes
  3 hogs (Shoals:1)
  4 mottled dragons
  38 wolves
  A putrid demonspawn zombie (Crypt:2)
  A raven zombie (Crypt:1)
  Menkaure (D:7)
  2 hill giant skeletons (Volcano)
  41 nagas
  4 wargs
  Edmund (D:4)
  16 porcupines
  A catoblepas simulacrum (Crypt:2)
  35 orc warriors
  19 water moccasins
  6 sky beasts
  An eye of draining (D:8)
  2 black bears
  4 boggarts (Vaults:2)
  2 merfolk skeletons (Volcano)
  5 phantoms
  An elephant zombie (Crypt:1)
  6 necrophages (Crypt:2)
  A manticore skeleton (Volcano)
  25 ogres
  19 ice beasts
  15 centaurs
  A lindwurm skeleton (Crypt:1)
  3 big kobolds
  16 crocodiles
  An elf zombie (Ossuary)
  A wyvern zombie (D:8)
  27 giant frogs
  2 water moccasin skeletons
  6 scorpions
  2 spriggan skeletons (Volcano)
  A troll zombie (Crypt:1)
  17 killer bees (D:8)
  3 wights (D:6)
  4 giant frog zombies
  3 electric eels
  9 crimson imps
  9 hounds
  26 orc wizards
  Crazy Yiuf (D:5)
  A centaur zombie (D:5)
  A giant frog skeleton (D:8)
  5 jellies
  10 iguanas
  42 orc priests
  A demonspawn skeleton (Crypt:2)
  2 two-headed ogre skeletons
  34 sheep
  8 worker ants
  2 killer bee zombies
  2 ogre skeletons
  A naga skeleton (Volcano)
  3 hound skeletons
  8 mummies
  A worker ant zombie (D:10)
  10 gnolls
  13 adders
  A shadow imp (D:10)
  4 white imps
  105 river rats
  An ufetubus (D:8)
  2 worms
  An adder skeleton (D:7)
  An adder zombie (Ossuary)
  191 orcs
  3 ball pythons
  24 bats
  6 giant cockroaches
  19 hobgoblins
  10 jackals
  27 kobolds
  6 quokkas
  9 giant geckos
  A giant gecko zombie (D:7)
  6 giant newts
  A giant newt zombie (Crypt:1)
  2 giant spores
  20 goblins
  3 goblin zombies
  A hobgoblin zombie (Ossuary)
  A kobold zombie (D:6)
  An orc zombie (Ossuary)
  17 rats
  33 ballistomycetes
  4 tentacles (Shoals:4)
  A tentacle segment (Shoals:4)
1809 creatures vanquished.

Vanquished Creatures (collateral kills)
  Frances (D:13)
  A tengu reaver (Vaults:1)
  A vault warden (Vaults:2)
  An ironheart preserver (Vaults:1)
  A jiangshi (Crypt:1)
  A yaktaur captain (Vaults:1)
  2 naga warriors
  An anaconda (Snake:3)
  A merfolk aquamancer (Shoals:4)
  A satyr (Shoals:2)
  3 naga sharpshooters (Snake:4)
  A phantasmal warrior (Crypt:2)
  An orc knight (Vaults:1)
  A wolf spider (Vaults:1)
  4 naga ritualists
  A mana viper (Snake:1)
  An ugly thing (Vaults:2)
  2 fauns
  A vault sentinel (Vaults:1)
  7 black mambas
  A manticore (Shoals:4)
  A human zombie (Vaults:2)
  A siren (Shoals:4)
  4 naga magi
  An emperor scorpion zombie (Crypt:2)
  A yaktaur (Vaults:1)
  An alligator snapping turtle skeleton (Crypt:2)
  A yaktaur skeleton (Vaults:2)
  8 merfolk
  A deep elf priest (Elf:1)
  2 boulder beetles
  2 slime creatures (D:14)
  A flying skull (Crypt:2)
  2 hippogriffs (Shoals:2)
  A human (Shoals:1)
  A redback (Vaults:1)
  2 yaks
  2 deep elf magi (D:14)
  A deep elf fighter (D:14)
  A water moccasin (Snake:2)
  12 nagas
  2 wargs (Vaults:2)
  A deep troll skeleton (Crypt:2)
  3 orc warriors
  2 ogres (Vaults:2)
  A salamander simulacrum (Vaults:2)
  A giant frog (D:14)
  4 orcs
  2 kobolds (D:13)
  A goblin zombie (Crypt:1)
  A ballistomycete (D:14)
98 creatures vanquished.

Vanquished Creatures (others)
  An ugly thing (Vaults:2)
  A wolf spider (D:14)
  A human (D:6)
  2 ogres
  A scorpion (D:6)
  An orc wizard (D:6)
  3 sheep (Lair:4)
  An orc (D:5)
  A giant spore (D:6)
  2 goblin zombies (Ossuary)
  An orc zombie (Ossuary)
  2 rat zombies (Ossuary)
  26 fungi
  10 plants
  15 tentacles (Shoals:4)
  390 tentacle segments (Shoals:4)
  7 toadstools (Lair:5)
465 creatures vanquished.

Grand Total: 2372 creatures vanquished

Notes
Turn   | Place    | Note
--------------------------------------------------------------
     0 | D:1      | nubinia, the Deep Elf Enchanter, began the quest for the Orb.
     0 | D:1      | Reached XP level 1. HP: 10/10 MP: 6/6
   529 | D:1      | Reached XP level 2. HP: 15/15 MP: 8/8
  1848 | D:2      | Reached XP level 3. HP: 19/19 MP: 7/9
  1853 | D:2      | Learned a level 3 spell: Confuse
  2805 | D:3      | Reached skill level 5 in Hexes
  2806 | D:3      | Gained mutation: You are agile. (Dex +2) [potion of mutation]
  2806 | D:3      | Gained mutation: You possess an exceptional clarity of mind. [potion of mutation]
  2806 | D:3      | Gained mutation: You have supernaturally acute eyesight. [potion of mutation]
  3236 | D:3      | Found a radiant altar of Vehumet.
  3353 | D:3      | Found a shattered altar of Ashenzari.
  3689 | D:2      | Reached XP level 4. HP: 24/24 MP: 11/11
  3694 | D:2      | Learned a level 3 spell: Dazzling Spray
  4124 | D:4      | Reached skill level 1 in Conjurations
  4399 | D:4      | Noticed Edmund
  4415 | D:4      | Killed Edmund
  4415 | D:4      | Reached XP level 5. HP: 10/28 MP: 9/12
  5116 | D:4      | Noticed a phantom
  5203 | D:2      | Reached XP level 6. HP: 17/32 MP: 0/14
  5471 | D:3      | Learned a level 3 spell: Tukima's Dance
  5474 | D:3      | Learned a level 2 spell: Ensorcelled Hibernation
  5809 | D:4      | Noticed a phantom
  6412 | D:4      | Found a deep blue altar of Sif Muna.
  6420 | D:4      | Became a worshipper of Sif Muna the Loreminder
  6733 | D:5      | Entered Level 5 of the Dungeon
  6839 | D:5      | Noticed Eustachio
  7199 | D:5      | Reached skill level 6 in Hexes
  7199 | D:5      | Reached XP level 7. HP: 30/37 MP: 10/16
  7345 | D:5      | Noticed Crazy Yiuf
  7920 | D:5      | Reached skill level 1 in Ice Magic
  8082 | D:5      | Killed Crazy Yiuf
  8082 | D:5      | Reached skill level 5 in Spellcasting
  8133 | D:6      | Acquired Sif Muna's first power
  8163 | D:6      | Found a sand-covered staircase.
  8169 | Ossuary  | Entered an ossuary
  8641 | Ossuary  | Reached skill level 1 in Fighting
  8928 | D:6      | Reached skill level 7 in Hexes
  8976 | D:6      | Found a runed door.
  8976 | D:6      | Noticed a human
  9024 | D:6      | Reached XP level 8. HP: 43/43 MP: 10/19
  9038 | D:6      | Found a basalt altar of Yredelemnul.
  9214 | D:6      | Killed a human
  9369 | D:6      | Acquired Sif Muna's second power
  9648 | D:6      | Reached skill level 5 in Conjurations
  9850 | D:6      | Reached skill level 5 in Stealth
  9999 | D:6      | Reached skill level 5 in Dodging
  9999 | D:6      | Reached skill level 8 in Hexes
 10000 | D:6      | Noticed a yak
 10002 | D:6      | Noticed a yak
 10023 | D:6      | Noticed a yak
 10034 | D:6      | Killed a yak
 10137 | D:6      | Killed a yak
 10168 | D:6      | Killed a yak
 10347 | D:6      | Reached XP level 9. HP: 44/47 MP: 15/22
 10822 | D:5      | Found a staircase to the Ecumenical Temple.
 10833 | D:5      | Reached skill level 9 in Hexes
 11032 | D:6      | Found an opulent altar of Gozag.
 11120 | D:6      | Found a sacrificial altar of Ru.
 11392 | D:6      | Found a glowing silver altar of Zin.
 11518 | D:7      | Noticed Pikel
 11901 | D:7      | Acquired Sif Muna's third power
 12343 | D:7      | Noticed Menkaure
 13048 | D:8      | Noticed a hill giant
 13063 | D:8      | Killed a hill giant
 13063 | D:8      | Reached XP level 10. HP: 53/53 MP: 8/25
 13285 | D:8      | Reached skill level 10 in Hexes
 13332 | D:8      | Noticed Joseph
 13653 | D:8      | Reached skill level 10 in Spellcasting
 13814 | D:8      | Reached skill level 1 in Throwing
 13839 | D:8      | Noticed Grum
 13876 | D:8      | Killed Grum
 13979 | D:8      | Reached skill level 1 in Armour
 14187 | D:8      | Killed Joseph
 15170 | D:9      | Found a white marble altar of Elyvilon.
 15262 | D:9      | Noticed Erica
 15288 | D:9      | Killed Erica
 15288 | D:9      | Received a gift from Sif Muna
 15288 | D:9      | Reached skill level 11 in Spellcasting
 15289 | D:9      | Identified Sif Muna's Guide on Frigorific Confrontation (Sif Muna gifted it to you on level 9 of the Dungeon)
 15465 | D:9      | Found a glowing silver altar of Zin.
 15683 | D:10     | Entered Level 10 of the Dungeon
 15683 | D:10     | Noticed a hill giant
 15792 | D:10     | Reached XP level 11. HP: 57/57 MP: 24/28
 15800 | D:10     | Noticed Nergalle
 15948 | D:10     | Received a gift from Sif Muna
 15948 | D:10     | Reached skill level 13 in Spellcasting
 15948 | D:10     | Reached skill level 10 in Conjurations
 15948 | D:10     | Reached XP level 12. HP: 62/62 MP: 28/31
 15949 | D:10     | Identified Sif Muna's Disquisition on the Hurtful Oath (Sif Muna gifted it to you on level 10 of the Dungeon)
 15960 | D:10     | Learned a level 6 spell: Invisibility
 16144 | D:10     | Killed a hill giant
 17070 | D:10     | Found a staircase to the Lair.
 17361 | D:10     | Received a gift from Sif Muna
 17362 | D:10     | Identified Sif Muna's Incunabulum of Cold (Sif Muna gifted it to you on level 10 of the Dungeon)
 17366 | D:10     | Learned a level 2 spell: Throw Frost
 17529 | Lair:1   | Entered Level 1 of the Lair of Beasts
 17529 | Lair:1   | Noticed Urug
 17542 | D:10     | Killed Urug
 17542 | D:10     | Reached skill level 14 in Spellcasting
 17941 | Lair:1   | Upgraded the game from 0.17-a0-968-gf8e1f1d to 0.17-a0-977-g4154171
 18237 | Lair:1   | Noticed a four-headed hydra
 18250 | Lair:1   | Killed a four-headed hydra
 19158 | Lair:2   | Reached skill level 1 in Invocations
 19295 | Lair:2   | Got a slimy hunting sling
 19296 | Lair:2   | Identified the +7 hunting sling of the Six Hells {flame, MR+ Int+2 Dex+3} (You found it on level 2 of the Lair of Beasts)
 19679 | Lair:2   | Received a gift from Sif Muna
 19684 | Lair:2   | Identified Sif Muna's Almanac of Glamour (Sif Muna gifted it to you on level 2 of the Lair of Beasts)
 19695 | Lair:2   | Learned a level 6 spell: Mass Confusion
 19698 | Lair:2   | Learned a level 2 spell: Slow
 19702 | Lair:2   | Learned a level 3 spell: Gell's Gravitas
 20364 | Lair:2   | Reached XP level 13. HP: 62/68 MP: 27/33
 20951 | Lair:3   | Found a staircase to the Snake Pit.
 21440 | Lair:3   | Reached skill level 15 in Spellcasting
 23614 | Lair:4   | Reached skill level 10 in Stealth
 24062 | Lair:4   | Found a shimmering altar of Xom.
 24668 | Lair:5   | Found a staircase to the Shoals.
 24669 | Lair:5   | Got a smoking cloak
 24701 | Lair:5   | Identified the +2 cloak "Kilesemm" {rC+ Regen+ Int+6 Dex-4} (You found it on level 5 of the Lair of Beasts)
 25125 | Lair:5   | Received a gift from Sif Muna
 25126 | Lair:5   | Identified Iskenderun's Catalogue of the Pill Bug (Sif Muna gifted it to you on level 5 of the Lair of Beasts)
 25779 | Lair:5   | Reached skill level 16 in Spellcasting
 25814 | Lair:5   | Reached XP level 14. HP: 45/72 MP: 6/36
 25846 | Lair:5   | Noticed Josephine
 25932 | Lair:4   | Learned a level 2 spell: Stoneskin
 26864 | D:8      | Killed Eustachio
 26922 | D:8      | Killed Pikel
 26972 | D:7      | Killed Menkaure
 27301 | D:3      | Killed a phantom
 27612 | D:10     | Killed Nergalle
 27894 | D:11     | Identified a scroll of acquirement
 27895 | D:11     | Got a pair of twisted gloves
 27906 | D:11     | Identified the +2 pair of gloves of Odotit {+Inv rElec MR+} (You acquired it on level 11 of the Dungeon)
 28082 | D:11     | Found a frozen archway.
 28148 | IceCv    | Entered an ice cave
 28919 | IceCv    | Noticed a frost giant
 28948 | IceCv    | Killed a frost giant
 28986 | IceCv    | Got a steaming jade ring
 28988 | IceCv    | Identified the ring of Xaggakai {Ice +Inv MR- Str-4 Int+12} (You found it in an ice cave)
 29265 | D:11     | Reached skill level 5 in Invocations
 29277 | D:11     | Found a sparkling altar of Nemelex Xobeh.
 29613 | D:11     | Learned a level 5 spell: Iskenderun's Battlesphere
 30588 | Lair:5   | Noticed a dire elephant
 30952 | Lair:5   | Killed Josephine
 31177 | Lair:5   | Reached skill level 17 in Spellcasting
 31394 | Lair:6   | Received a gift from Sif Muna
 31402 | Lair:6   | Identified Sif Muna's Compendium of Creative Enchantment (Sif Muna gifted it to you on level 6 of the Lair of Beasts)
 31465 | Lair:6   | Noticed Snorg
 31575 | Lair:5   | Learned a level 5 spell: Summon Mana Viper
 31707 | Lair:6   | Reached skill level 5 in Throwing
 31862 | Lair:6   | Reached XP level 15. HP: 78/78 MP: 23/38
 31893 | Lair:6   | Reached skill level 15 in Hexes
 32021 | Lair:6   | Learned a level 1 spell: Magic Dart
 32024 | Lair:6   | Learned a level 2 spell: Repel Missiles
 32087 | Lair:6   | Killed Snorg
 32545 | Lair:7   | Found a labyrinth entrance.
 32594 | Lab      | Entered a labyrinth
 32713 | Lab      | Identified the Catalogue of Battle Magic
 33542 | Lair:7   | Found a staircase to the Slime Pits.
 34257 | Lair:8   | Entered Level 8 of the Lair of Beasts
 35443 | Lair:8   | Received a gift from Sif Muna
 35444 | Lair:8   | Identified Sif Muna's Disquisition on Hurtful Bewitchment (Sif Muna gifted it to you on level 8 of the Lair of Beasts)
 35552 | Lair:8   | Found a burning altar of Makhleb.
 35749 | Lair:8   | Reached skill level 18 in Spellcasting
 36263 | Lair:8   | Found a gateway to Hell.
 36412 | Lair:8   | Upgraded the game from 0.17-a0-977-g4154171 to 0.17-a0-986-gf45d1aa
 36779 | D:12     | Learned a level 2 spell: Shroud of Golubria
 36817 | D:12     | Found a staircase to the Orcish Mines.
 37442 | Orc:1    | Entered Level 1 of the Orcish Mines
 37872 | Orc:2    | Found Lyed's Gadget Shop.
 37975 | Orc:2    | Found Lotack's Armour Boutique.
 37981 | Orc:2    | Found Lexafe's Book Boutique.
 38168 | Orc:2    | Found Diti's Book Shop.
 38180 | Orc:2    | Bought a book of Cantrips for 300 gold pieces
 38182 | Orc:2    | Learned a level 1 spell: Animate Skeleton
 38184 | Orc:2    | Learned a level 1 spell: Apportation
 38313 | Orc:1    | Noticed Maurice
 38317 | Orc:1    | Killed Maurice
 38543 | Orc:2    | Found Zidaddit's Assorted Antiques.
 38549 | Orc:2    | Bought a dented fluorescent amulet for 170 gold pieces
 38727 | Orc:3    | Noticed Harold
 38739 | Orc:3    | Killed Harold
 38754 | Orc:3    | Found a dark tunnel.
 38880 | Orc:3    | Learned a level 5 spell: Metabolic Englaciation
 38885 | Orc:3    | Learned a level 3 spell: Regeneration
 38886 | Volcano  | Entered a volcano
 39064 | Volcano  | Reached XP level 16. HP: 72/83 MP: 19/40
 40102 | Orc:4    | Entered Level 4 of the Orcish Mines
 40128 | Orc:4    | Found a staircase to the Elven Halls.
 40191 | Orc:4    | Found Latatz's Antique Weapon Emporium.
 40194 | Orc:4    | Bought an iridescent quarterstaff for 243 gold pieces
 40194 | Orc:4    | Identified the +3 quarterstaff of Guiggan {crush, Contam rF+++ Dex+6} (You bought it in a shop on level 4 of the Orcish Mines)
 40196 | Orc:4    | Bought an ancient hand crossbow for 229 gold pieces
 40196 | Orc:4    | Bought a warped falchion for 216 gold pieces
 40196 | Orc:4    | Identified the +5 hand crossbow of Ru's Wrath {venom, +Blink +Fly} (You bought it in a shop on level 4 of the Orcish Mines)
 40197 | Orc:4    | Identified the cursed +0 falchion of the Tundras {venom, MR++ Str-3 Dex+5} (You bought it in a shop on level 4 of the Orcish Mines)
 40214 | Orc:4    | Reached skill level 1 in Necromancy
 41336 | Orc:4    | Reached skill level 1 in Charms
 41354 | Orc:4    | Found Hutig's Magic Scroll Boutique.
 41355 | Orc:4    | Found Tote's Magic Scroll Shop.
 41355 | Orc:4    | Found Poaxa's Distillery.
 41361 | Orc:4    | Found Uguin's Magic Scroll Boutique.
 41364 | Orc:4    | Bought a scroll of enchant armour for 97 gold pieces
 41364 | Orc:4    | Bought a scroll of magic mapping for 45 gold pieces
 41793 | Snake:1  | Entered Level 1 of the Snake Pit
 41849 | Snake:1  | Found a deep blue altar of Sif Muna.
 42062 | Lair:1   | Learned a level 5 spell: Bolt of Draining
 42203 | Snake:1  | Received a gift from Sif Muna
 42204 | Snake:1  | Identified Sif Muna's Catalogue of Curses (Sif Muna gifted it to you on level 1 of the Snake Pit)
 43443 | Snake:2  | Reached skill level 19 in Spellcasting
 44088 | Snake:2  | Reached skill level 10 in Dodging
 44530 | Snake:3  | Reached skill level 5 in Necromancy
 44659 | Snake:3  | Found Inetiap's Book Boutique.
 45254 | Snake:3  | Reached skill level 15 in Conjurations
 45653 | Snake:3  | Reached XP level 17. HP: 88/88 MP: 15/42
 45722 | Snake:3  | Upgraded the game from 0.17-a0-986-gf45d1aa to 0.17-a0-995-gb5fa8d7
 45771 | Snake:4  | Entered Level 4 of the Snake Pit
 46193 | Snake:4  | Received a gift from Sif Muna
 46194 | Snake:4  | Identified Sif Muna's Handbook of Icy Confrontation (Sif Muna gifted it to you on level 4 of the Snake Pit)
 46264 | Snake:4  | Reached skill level 1 in Evocations
 46815 | Snake:4  | Reached skill level 20 in Spellcasting
 46815 | Snake:4  | Reached skill level 1 in Transmutations
 47601 | Snake:4  | Reached skill level 1 in Earth Magic
 48798 | Snake:4  | Received a gift from Sif Muna
 48801 | Snake:4  | Identified Sif Muna's Incunabulum of Attacks (Sif Muna gifted it to you on level 4 of the Snake Pit)
 48807 | Snake:4  | Learned a level 4 spell: Force Lance
 49070 | Snake:4  | Got a serpentine rune of Zot
 49077 | Snake:4  | Reached skill level 1 in Shields
 49608 | Lair:3   | Learned a level 3 spell: Mephitic Cloud
 50942 | Elf:1    | Entered Level 1 of the Elven Halls
 51291 | Elf:1    | Reached skill level 5 in Ice Magic
 51370 | Elf:1    | Reached skill level 21 in Spellcasting
 51405 | Elf:1    | Gained mutation: You are somewhat resistant to further mutation. [potion of beneficial mutation]
 51713 | Elf:1    | Reached skill level 1 in Air Magic
 51994 | Orc:2    | Bought a book of Air for 525 gold pieces
 52187 | Lair:3   | Reached XP level 18. HP: 93/93 MP: 35/45
 52218 | Lair:3   | Learned a level 3 spell: Flight
 52221 | Lair:3   | Learned a level 2 spell: Swiftness
 52290 | Shoals:1 | Entered Level 1 of the Shoals
 52495 | Lair:5   | Killed a dire elephant
 52582 | Lair:5   | Learned a level 4 spell: Cause Fear
 52766 | Shoals:1 | Reached skill level 1 in Slings
 52956 | Shoals:1 | Got a fine rapier
 52957 | Shoals:1 | Identified the +6 rapier of the Dungeon {flame, +Rage rElec MR+ Dex+4} (You found it on level 1 of the Shoals)
 53131 | Shoals:1 | Noticed Kirke
 53140 | Shoals:1 | Killed Kirke
 53242 | Shoals:1 | Your ally Kirke died
 53636 | Shoals:2 | Received a gift from Sif Muna
 53668 | Shoals:2 | Identified Sif Muna's Handbook of Necromancy and Ice (Sif Muna gifted it to you on level 2 of the Shoals)
 55053 | Shoals:3 | Found Xizeot's Weapon Shoppe.
 55244 | Shoals:4 | Entered Level 4 of the Shoals
 55323 | Shoals:4 | Reached skill level 10 in Invocations
 55536 | Shoals:4 | Got a barnacled rune of Zot
 55612 | Shoals:4 | Reached skill level 22 in Spellcasting
 55629 | Shoals:4 | Noticed Ilsuiw
 55634 | Shoals:4 | Killed Ilsuiw
 55663 | Shoals:4 | Received a gift from Sif Muna
 55665 | Shoals:4 | Identified Sif Muna's Catalogue of Sinister Rituals (Sif Muna gifted it to you on level 4 of the Shoals)
 55671 | Shoals:4 | Learned a level 4 spell: Animate Dead
 55820 | Shoals:4 | Identified the Guide on Destructive Beguiling (You found it on level 4 of the Shoals)
 56657 | D:13     | Noticed Maud
 56661 | D:13     | Killed Maud
 56761 | D:13     | Noticed Frances
 56772 | D:13     | Killed Frances
 57020 | D:13     | Reached skill level 23 in Spellcasting
 57443 | D:14     | Found a glowing golden altar of the Shining One.
 57604 | D:14     | Found a gate to the Vaults.
 57651 | D:14     | Reached XP level 19. HP: 86/98 MP: 3/48
 57786 | D:14     | Received a gift from Sif Muna
 57790 | D:14     | Identified Sif Muna's Collected Works on Battle Magic (Sif Muna gifted it to you on level 14 of the Dungeon)
 57796 | D:14     | Learned a level 4 spell: Sticky Flame
 57912 | D:14     | Reached skill level 24 in Spellcasting
 58176 | Vaults:1 | Entered Level 1 of the Vaults
 58917 | Vaults:1 | Reached skill level 25 in Spellcasting
 58997 | Vaults:1 | Received a gift from Sif Muna
 59002 | Vaults:1 | Identified Sif Muna's Handbook of Dusty Battle Magic (Sif Muna gifted it to you on level 1 of the Vaults)
 59471 | Vaults:1 | Upgraded the game from 0.17-a0-995-gb5fa8d7 to 0.17-a0-1011-gfa70bdd
 59941 | Vaults:2 | Reached skill level 5 in Short Blades
 59974 | Vaults:2 | Reached skill level 26 in Spellcasting
 59997 | Vaults:2 | Found Bouloke's Antique Armour Emporium.
 60954 | Vaults:2 | Found a staircase to the Crypt.
 61451 | Lair:8   | Learned a level 5 spell: Dispel Undead
 62247 | Vaults:2 | Reached skill level 5 in Charms
 62480 | Crypt:1  | Entered Level 1 of the Crypt
 62602 | Crypt:1  | Received a gift from Sif Muna
 62610 | Crypt:1  | Learned a level 4 spell: Control Undead
 63788 | Crypt:2  | Reached XP level 20. HP: 104/104 MP: 6/52
 64443 | Crypt:2  | Mangled by a reaper

Vault maps used:
D:1:      saegor_arrival_under_anarchy
D:2:      minmay_misc_feat_diagonals
D:3:      lemuel_doored_altar, nicolae_overflow_hidden_temple
D:4:      lemuel_crystal_altar, first_bread, uniq_edmund
D:5:      temple_hall, uniq_eustachio, uniq_crazy_yiuf_cottage
D:6:      nicolae_ru_path_of_blood, grunt_gozag_statues, basic_altar,
          nicolae_ossuary_entry_monument, dk_yredelemnul_ordeal
D:7:      uniq_pikel, uniq_menkaure
D:8:      david_nohive_1, kennysheep_generic_room_5, uniq_grum, uniq_joseph
D:9:      zin_statuary, elyvilon_altar_1, kennysheep_nub, uniq_erica
D:10:     erik_lair_dragon, uniq_nergalle
D:11:     portal_ice_cave_entry_ice_beasts, nemelex_xobeh_ov_fountains_minmay
D:12:     orc_0_dummy
D:13:     uniq_frances, uniq_maud
D:14:     erik_vaults_2, tso_metal_star
Lair:1:   beast_lair_carwin_1, uniq_urug
Lair:2:   grunt_megastairs_1
Lair:3:   guppyfry_snake_entry_island
Lair:4:   kb_xom_exploding_sheep
Lair:5:   gammafunk_lair_enchanted_lake, minmay_shoals_entry_centaurs,
          ice2_lemuel, uniq_josephine
Lair:6:   uniq_snorg
Lair:7:   minmay_slime_entry_pillars, lab_entry_generic, serial_bayou_shore_a,
          lemuel_fruit_tree, grunt_megastairs_3, infiniplex_staircase_pool
Lair:8:   evil_forest
Shoals:1: uniq_kirke
Shoals:3: serial_shops, shop, nicolae_shoals_stone_sculpture_thing
Shoals:4: shoals_end_hangedman, shoals_ilsuiw_alternative
Snake:1:  basic_altar, nicolae_snake_salamander_stairs
Snake:2:  grunt_ministairs_15
Snake:3:  serial_shops, shop, st_stairs_11, stair_cage_cross
Snake:4:  snake_pit
Orc:1:    uniq_maurice
Orc:2:    serial_shops, shop, shop, nicolae_shop_crystal,
          nicolae_shop_waterfront, shop_statue, lightli_orcish_oven
Orc:3:    nicolae_volcano_entry_batcave, nicolae_orc_pool_cavern,
          lemuel_statue_altar, uniq_harold
Orc:4:    st_orc_pillars, serial_shops, shop
Elf:1:    minmay_elf_arrival_circle, hangedman_elf_represent
Vaults:1: v_misc_9, hangedman_vaults_trim, serial_ice_h,
          hangedman_vaults_capsules, nicolae_vaults_stairing_the_circle,
          vaults_standard_mumra_lines, ontoclasm_vaults_pinch,
          nicolae_vaults_ninety_degrees, vaults_mumra_lcd,
          grunt_vaults_hallway_short, st_cross
Vaults:2: nicolae_vaults_ring_of_whatevers, nicolae_vaults_little_squares_3,
          minmay_crypt_entry_simple_sparse, ontoclasm_vaults_ring_small,
          v_pattern_1, ontoclasm_vaults_idyll, serial_shops, shop, uniq_jory
Vaults:3: nicolae_vaults_shelves_hall, nicolae_vaults_circle_grid_a, v_rooms_4,
          v_alt_pattern_5, nicolae_vaults_yaktaur_gun_rack, st_smaller_cells,
          nicolae_vaults_border_crossing, vaults_room_stairs_pillars,
          vaults_room_door_ring, hangedman_vaults_cutoff, v_alt_pattern_2,
          vaults_room_grid, vaults_room_large_hall, vaults_room_pool,
          serial_shops, nicolae_shop_waterfront
Crypt:1:  grunt_megastairs_5, grunt_crypt_arrival_split
Lab:      nicolae_lab_dead_adventurers, nicolae_lab_swirl
Ossuary:  ossuary_minmay_tomb_2a
IceCv:    ice_cave_caverns_01
Volcano:  volcano_tomb

Action                   |  1- 3 |  4- 6 |  7- 9 | 10-12 | 13-15 | 16-18 | 19-21 || total
-------------------------+-------+-------+-------+-------+-------+-------+-------++-------
Melee: Dagger            |   173 |   218 |   480 |   338 |   626 |       |       ||  1835
       Morningstar       |       |       |       |       |     1 |       |       ||     1
       Short sword       |       |       |       |       |   767 |   601 |   334 ||  1702
 Fire: Blowgun           |       |       |     2 |   109 |    20 |     3 |       ||   134
       Hunting sling     |       |       |       |       |   163 |   303 |   135 ||   601
 Cast: Corona            |    38 |    32 |    38 |    10 |    11 |       |       ||   129
       Confuse           |     3 |     5 |    14 |    11 |    42 |       |       ||    75
       Dazzling Spray    |       |    29 |   125 |   255 |   699 |   358 |    40 ||  1506
       Ensorcelled Hiber |       |     2 |     2 |    17 |   124 |       |       ||   145
       Throw Frost       |       |       |       |     4 |    10 |       |       ||    14
       Invisibility      |       |       |       |       |     7 |       |       ||     7
       Iskenderun's Batt |       |       |       |       |   103 |   192 |    29 ||   324
       Mass Confusion    |       |       |       |       |     4 |     7 |       ||    11
       Stoneskin         |       |       |       |       |     9 |    20 |    13 ||    42
       Magic Dart        |       |       |       |       |    48 |   290 |    34 ||   372
       Repel Missiles    |       |       |       |       |     1 |    12 |       ||    13
       Animate Skeleton  |       |       |       |       |       |   235 |    11 ||   246
       Bolt of Draining  |       |       |       |       |       |   238 |    59 ||   297
       Metabolic Englaci |       |       |       |       |       |    29 |       ||    29
       Regeneration      |       |       |       |       |       |    18 |       ||    18
       Apportation       |       |       |       |       |       |     3 |       ||     3
       Summon Mana Viper |       |       |       |       |       |     2 |       ||     2
       Shroud of Golubri |       |       |       |       |       |     1 |     1 ||     2
       Mephitic Cloud    |       |       |       |       |       |    26 |    46 ||    72
       Force Lance       |       |       |       |       |       |    14 |     6 ||    20
       Flight            |       |       |       |       |       |    40 |       ||    40
       Animate Dead      |       |       |       |       |       |    15 |    41 ||    56
       Cause Fear        |       |       |       |       |       |     2 |     2 ||     4
       Dispel Undead     |       |       |       |       |       |       |    62 ||    62
       Sticky Flame      |       |       |       |       |       |       |    19 ||    19
       Control Undead    |       |       |       |       |       |       |    17 ||    17
       Swiftness         |       |       |       |       |       |       |     1 ||     1
Invok: Channel Energy    |       |       |    54 |   175 |   517 |   475 |    33 ||  1254
       Forget Spell      |       |       |       |       |     1 |     1 |       ||     2
Evoke: Wand              |       |       |       |     3 |    18 |    17 |       ||    38
       Phial of floods   |       |       |       |       |       |       |     1 ||     1
  Use: Scroll            |     5 |     1 |    10 |     9 |    20 |    19 |     3 ||    67
       Potion            |     2 |     3 |     2 |     3 |     9 |     2 |     1 ||    22
 Stab: Sleeping          |    10 |     5 |     9 |    37 |   118 |    23 |    11 ||   213
       Confused          |     2 |       |     6 |     3 |    23 |    18 |    25 ||    77
       Invisible         |       |     9 |    13 |    42 |   139 |    32 |     5 ||   240
       Distracted        |       |       |     2 |     5 |     2 |     6 |     7 ||    22
       Fleeing           |       |       |       |       |     2 |       |       ||     2
       Held in net/web   |       |       |       |       |       |       |     2 ||     2
  Eat: Chunk             |     9 |    13 |    18 |    48 |   145 |   144 |    25 ||   402
       Meat ration       |       |       |     1 |       |       |     1 |       ||     2
       Beef jerky        |       |       |     1 |       |       |     1 |       ||     2
       Bread ration      |       |       |     1 |       |       |       |       ||     1
       Fruit             |       |       |       |       |     3 |       |       ||     3
